 Dungeon Crawl Stone Soup version 0.26-a0-812-g31a745ddcd (webtiles) character file.

Game seed: 2441610151573005357

3131 kae the Transmogrifier (level 9, -1/69 HPs)
             Began as a Tengu Transmuter on Nov 18, 2020.
             Was a Believer of Hepliaklqana.
             Slain by an orc warrior
             ... wielding a +0 halberd
              (5 damage)
             ... on level 8 of the Dungeon.
             The game lasted 00:07:34 (10688 turns).

kae the Transmogrifier (Tengu Transmuter)          Turns: 10688, Time: 00:07:34

Health: -1/69      AC: 24    Str: 20    XL:     9   Next: 92%
Magic:  14/14      EV:  2    Int: 13    God:    Hepliaklqana [**....]
Gold:   454        SH:  0    Dex: 15    Spells: 1/14 levels left

rFire    . . .     SeeInvis .     - Unarmed
rCold    . . .     Faith    .   (no shield)
rNeg     + + +     Spirit   .   (armour currently unavailable)
rPois    +         Reflect  .   (helmet currently unavailable)
rElec    .         Harm     .   (cloak currently unavailable)
rCorr    .         Rampage  .   (gloves currently unavailable)
MR       .....     NoTele   +   (boots unavailable)
Stlth    +.........             (no amulet)
HPRegen  0.21/turn              g - ring of wizardry
MPRegen  0.14/turn              o - +6 ring of strength

@: tree-form
A: reduced essence, able to fly
a: Stop Flying, Recall Ancestor, Ancestor Identity, Renounce Religion


You were on level 8 of the Dungeon.
You worshipped Hepliaklqana.
Hepliaklqana was pleased with you.
You were a tree.
You visited 2 branches of the dungeon, and saw 9 of its levels.

You collected 454 gold pieces.

Inventory:

Armour
 a - a +0 robe (melded)
Jewellery
 b - an uncursed ring of protection from fire
 f - an uncursed ring of see invisible
 g - a ring of wizardry (left branch)
 o - a +6 ring of strength (right branch)
 u - an uncursed ring of magical power
 v - an uncursed ring of protection from cold
 w - an uncursed ring of ice
 C - a +6 ring of strength
 D - an uncursed amulet of faith {unknown}
Wands
 d - a wand of paralysis (7)
 j - a wand of polymorph (6)
 y - a wand of digging (2)
 B - a wand of acid (8)
Scrolls
 e - 2 scrolls of identify
 h - 5 scrolls of remove curse
 i - a scroll of immolation
 p - 4 scrolls of amnesia
 q - 3 scrolls of blinking
 s - 2 scrolls of fog {unknown}
 x - a scroll of enchant weapon
 z - a scroll of teleportation
Potions
 c - a potion of might
 k - 3 potions of invisibility
 l - a potion of lignification
 m - 2 potions of mutation
 n - a potion of brilliance
 r - 3 potions of resistance
 t - a potion of cancellation
 A - 2 potions of curing


   Skills:
 - Level 4.0 Fighting
 - Level 4.0 Dodging
 - Level 4.1 Unarmed Combat
 - Level 3.0 Spellcasting
 + Level 10.1 Transmutations
 - Level 2.0 Poison Magic


You had one spell level left.
You knew the following spells:

 Your Spells              Type           Power        Failure   Level
a - Beastly Appendage     Tmut           ####..       1%          1
b - Spider Form           Tmut/Pois      ###.......   2%          3
c - Blade Hands           Tmut           ####......   4%          5
d - Ice Form              Ice/Tmut       ###.....     12%         4

Your spell library contained the following spells:

 Spells                   Type           Power        Failure   Level
 Wereblood                Tmut           ####....     1%          2


Dungeon Overview and Level Annotations

Branches:
Dungeon (8/15)             Temple (1/1) D:5
   Lair: D:8-11

Altars:
Ashenzari
Cheibriados
Dithmenos
Elyvilon
Fedhas
Gozag
Hepliaklqana
Kikubaaqudgha
Makhleb
Nemelex Xobeh
Okawaru
Qazlal
Ru
Sif Muna
Trog
Uskayaw
Vehumet
Wu Jian
Xom
Yredelemnul
Zin
The Shining One

Shops:
D:7 }


Innate Abilities, Weirdness & Mutations

((You have a beak for a mouth.))
((You have claws for feet.))
You can fly continuously.
Your life essence is reduced to manifest your ancestor. (-10% HP)


Message History

You kill the orc warrior!
Your life force feels restored.
Your Transmutations skill increases to level 10!
You hit the orc warrior.
The orc warrior is lightly wounded.
The orc warrior hits you with a +2 mace of draining!
* * * LOW HITPOINT WARNING * * *
The orc warrior hits you from afar with a +0 halberd.
* * * LOW HITPOINT WARNING * * *
You smack the orc warrior!
The orc warrior is heavily wounded.
The orc warrior hits you but does no damage.
You smack the orc warrior!
The orc warrior is severely wounded.
The orc warrior hits you from afar with a +0 halberd.
* * * LOW HITPOINT WARNING * * *
You smack the orc warrior!
You kill the orc warrior!
The orc warrior hits you from afar with a +0 halberd.
You die...

#.R.........# #......
#R##.#..###.# #####..
#.##......#.#######.#
#.####...........##.#
#.####..#)#.......#.#
#.................#..
####......##......#..
#.#.#####.....#...
#♣#.#####.##...#..
#)#.......##...##.
#o########........
#oo......#......).
#ooo.....#........
#oo.#o######...##.
#..$# oo #....#.
##..#


o$o #...... #..# o. #.##.## You could see an orc warrior and 6 orcs.

Vanquished Creatures
  4 orc warriors
  2 ice beasts
  A black bear (D:8)
  2 phantoms
  2 sky beasts (D:7)
  4 necrophages (D:7)
  2 centaurs
  An ogre (D:7)
  A bullfrog (D:7)
  2 scorpions (D:7)
  3 killer bees (D:7)
  3 wights (D:6)
  2 electric eels (D:8)
  2 bullfrog skeletons (D:4)
  6 orc wizards
  2 centaur zombies
  A hound (D:8)
  2 jellies
  3 orc priests
  3 iguanas
  6 worker ants
  2 hound zombies
  3 hound skeletons
  A gnoll (D:2)
  8 adders
  A shadow imp (D:8)
  3 white imps
  2 ufetubi
  An ooze (D:3)
  An adder zombie (D:7)
  5 worms
  2 dart slugs
  2 leopard geckos
  27 orcs
  3 ball pythons
  4 giant cockroaches
  9 goblins
  5 hobgoblins
  8 jackals
  3 quokkas
  10 bats
  5 frilled lizards
  6 kobolds
  A leopard gecko skeleton (D:5)
  A leopard gecko zombie (D:8)
  6 rats
  A bush (D:7)
174 creatures vanquished.

Vanquished Creatures (collateral kills)
  A hound skeleton (D:6)
  An orc (D:8)
2 creatures vanquished.

Vanquished Creatures (others)
  A wizard (D:8)
  A hexer (D:8)
  A quokka (D:2)
  3 bushes (D:7)
  13 plants
19 creatures vanquished.

Grand Total: 195 creatures vanquished

Notes
Turn   | Place    | Note
-------+----------+-------------------------------------------
     0 | D:1      | kae the Tengu Transmuter began the quest for the Orb.
     0 | D:1      | Reached XP level 1. HP: 12/12 MP: 4/4
   374 | D:1      | Reached skill level 2 in Transmutations
   374 | D:1      | Reached XP level 2. HP: 16/16 MP: 4/6
  1268 | D:2      | Reached XP level 3. HP: 20/20 MP: 7/7
  1940 | D:1      | Learned a level 3 spell: Spider Form
  1986 | D:2      | Reached skill level 3 in Transmutations
  1986 | D:2      | Reached XP level 4. HP: 21/25 MP: 6/8
  2973 | D:3      | Gained mutation: You can fly continuously. [Tengu growth]
  2973 | D:3      | Reached XP level 5. HP: 21/29 MP: 6/9
  3287 | D:3      | Found an iron altar of Okawaru.
  3995 | D:4      | Reached skill level 1 in Poison Magic
  3995 | D:4      | Reached XP level 6. HP: 35/35 MP: 6/10
  4100 | D:4      | Reached skill level 4 in Transmutations
  5074 | D:5      | Entered Level 5 of the Dungeon
  5101 | D:5      | Found a snail-covered altar of Cheibriados.
  5122 | D:5      | Noticed a phantom
  5138 | D:5      | Killed a phantom
  5138 | D:5      | Reached XP level 7. HP: 28/41 MP: 8/11
  5802 | D:5      | Found a staircase to the Ecumenical Temple.
  6525 | Temple   | Entered the Ecumenical Temple
  6628 | Temple   | Became a worshipper of Hepliaklqana the Forgotten
  6775 | D:6      | Reached skill level 5 in Transmutations
  6775 | D:6      | Reached XP level 8. HP: 41/43 MP: 10/13
  7531 | D:6      | Reached skill level 6 in Transmutations
  8371 | D:7      | Learned a level 5 spell: Blade Hands
  8376 | D:7      | Learned a level 4 spell: Ice Form
  8440 | D:7      | Reached skill level 7 in Transmutations
  8809 | D:7      | Reached XP level 9. HP: 33/46 MP: 12/14
  8945 | D:7      | Reached skill level 8 in Transmutations
  9251 | D:7      | Reached * piety under Hepliaklqana
  9300 | D:7      | Found a blossoming altar of Fedhas.
  9321 | D:7      | Reached skill level 9 in Transmutations
  9592 | D:7      | Found Ughiloo's Gadget Shop.
 10385 | D:8      | Found a bloodstained altar of Trog.
 10387 | D:8      | Noticed a wizard
 10392 | D:8      | Killed a wizard
 10588 | D:8      | Reached ** piety under Hepliaklqana
 10590 | D:8      | Remembered your ancestor Londisizwe as a hexer
 10684 | D:8      | Reached skill level 10 in Transmutations
 10687 | D:8      | HP: 3/69 [orc warrior/+0 halberd (2)]
 10688 | D:8      | Slain by an orc warrior

Illustrated notes

Levels and vault maps discovered:
D:1:      psy_arrival_whirlpool, layout_basic
D:2:      layout_basic
D:3:      layout_basic, okawaru_gym_becter
D:4:      layout_cave_pods
D:5:      layout_loops_ring, kennysheep_mini_moat, minmay_temple_entry_grid,
          minmay_between
D:6:      layout_loops_ring, minivault_5
D:7:      layout_gridville, serial_shops, shop_statue,
          fedhas_altar_decomposition
D:8:      layout_loops_cross, special_room [special_room_orc], fountainhead,
          trog_wizard
Temple:   kilobyte_greek_temple

Skill      XL: |  1  2  3  4  5  6  7  8  9 |
---------------+----------------------------+-----
Transmutations | 2 3 4 5 7 10 | 10.1
Unarmed Combat | 4 |  4.1
Fighting       | 2 3 4 |  4.0
Dodging        | 3 4 |  4.0
Poison Magic   | 1 2 |  2.0
Spellcasting   | 3 |  3.0

Action                   |  1- 3 |  4- 6 |  7- 9 || total
-------------------------+-------+-------+-------++-------
Melee: Unarmed           |    76 |   168 |   338 ||   582
       Kick              |    12 |    19 |    18 ||    49
       Peck              |    11 |     7 |    14 ||    32
       Punch             |     1 |       |       ||     1
       Headbutt          |     2 |    12 |       ||    14
 Cast: Beastly Appendage |    22 |    18 |     1 ||    41
       Spider Form       |     1 |    13 |    41 ||    55
       Blade Hands       |       |       |     3 ||     3
Invok: Recall Ancestor   |       |       |     2 ||     2
       Ancestor Life: He |       |       |     1 ||     1
 Abil: Fly               |       |     1 |       ||     1
  Use: Potion            |       |       |     6 ||     6
       Scroll            |       |       |    17 ||    17
 Stab: Sleeping          |     2 |     1 |     2 ||     5
Armor: Robe              |    10 |     3 |     4 ||    17
       Skin              |       |     3 |    13 ||    16
Dodge: Dodged            |    65 |   144 |   290 ||   499

Table legend: (Time is in decaauts)
 A = Elapsed time spent in this place.
 B = Non-inter-level travel time spent in this place.
 C = Inter-level travel time spent in this place.
 D = Time resting spent in this place.
 E = Time spent auto-exploring this place.
 F = Levels seen in this place.
 G = Mean time per level.
                   A        B        C        D        E       F      G
               +--------+--------+--------+--------+--------+-----+--------+
         Total |  10284 |  10054 |    230 |    490 |   8239 |   9 | 1142.7 |
       Dungeon |  10162 |   9961 |    201 |    490 |   8153 |   8 | 1270.2 |
        Temple |    122 |     94 |     28 |      0 |     85 |   1 |  122.0 |
               +--------+--------+--------+--------+--------+-----+--------+

Top non-repeatable levels by time:
     D:2: 1913 daAuts
     D:7: 1582 daAuts
     D:6: 1477 daAuts
     D:5: 1408 daAuts
     D:4: 1099 daAuts
     D:1: 1026 daAuts
     D:3: 894 daAuts
     D:8: 760 daAuts
  Temple: 122 daAuts
